 Dungeon Crawl Stone Soup version 0.31.0-9-g3a7656b989 (webtiles) character file.

Game seed: 2785316402849267568

525 GreatBamboolord the Gusty (level 7, 56/56 HPs)
             Began as a Grey Draconian Air Elementalist on Jan 27, 2024.
             Was an Initiate of Vehumet.
             Quit the game on level 3 of the Dungeon.
             The game lasted 00:09:17 (3142 turns).

GreatBamboolord the Gusty (DrAE)                    Turns: 3142, Time: 00:09:18

Health: 56/56      AC: 12    Str: 10    XL:     7   Next: 2%
Magic:  7/12       EV: 12    Int: 18    God:    Vehumet [......]
Gold:   62         SH:  0    Dex: 11    Spells: 10/13 levels left

rFire   . . .        g - +5 dagger of Doom {heavy, rC+}
rCold   + . .        (no shield)
rNeg    . . .        (body armour unavailable)
rPois   .            (helmet restricted)
rElec   .            (no cloak)
rCorr   .            e - +0 pair of gloves
SInv    .            (no boots)
Will    .....        (no amulet)
Stlth   ++           (no ring)
HPRegen 0.29/turn    (no ring)
MPRegen 0.13/turn

%: no passive effects
@: no status effects
A: AC +11, amphibious, unfitting armour, cold-blooded
a: Renounce Religion


You were on level 3 of the Dungeon.
You worshipped Vehumet.
Vehumet was noncommittal.
You visited 1 branch of the dungeon, and saw 3 of its levels.

You collected 62 gold pieces.

Inventory:

Hand Weapons
 d - a +0 dagger
 g - the +5 dagger of Doom (weapon) {heavy, rC+}
   (You found it on level 2 of the Dungeon)

   rC+:       It protects you from cold.
Missiles
 l - a throwing net
Armour
 e - a +0 pair of gloves (worn)
Scrolls
 b - a scroll of enchant weapon
 f - a scroll of amnesia {unknown}
 h - a scroll of noise
 j - a scroll of fog {unknown}
 k - a scroll of blinking {unknown}
Potions
 a - a potion of magic
 c - a potion of heal wounds
 i - a potion of mutation


   Skills:
 + Level 2.5 Fighting
 + Level 2.9 Dodging
 + Level 3.1 Stealth
 * Level 3.8 Spellcasting
 + Level 2.5 Conjurations
 * Level 3.9 Air Magic


You had 10 spell levels left.
You knew the following spells:

 Your Spells              Type           Power      Damage    Failure   Level
a - Shock                 Conj/Air       60%        1d6       4%          1
b - Static Discharge      Conj/Air       30%        3-5/arc   6%          2

Your spell library contained the following spells:

 Spells                   Type           Power      Damage    Failure   Level
 Swiftness                Air            17%        N/A       9%          3
 Sandblast                Erth           6%         2d5       16%         1
 Stone Arrow              Conj/Erth      16%        3d8       26%         3
 Airstrike                Air            8%         2d(2-18)  30%         4
 Passwall                 Erth           3%         N/A       41%         3
 Brom's Barrelling Bould  Conj/Erth      8%         2d3       65%         4


Dungeon Overview and Level Annotations

Branches:
Dungeon (3/15)

Altars:
Vehumet


Innate Abilities, Weirdness & Mutations

Your dull iron-grey scales are very hard. (AC +11)
You are amphibious.
You cannot fit into any form of body armour.
You are cold-blooded and may be slowed by cold attacks.


Message History

Aim: a frost-covered statue (moderately damaged, 100% to hit)
The zap hits the frost-covered statue.
The frost-covered statue resists.
The frost-covered statue is heavily damaged.
The zap hits the frost-covered statue.
The frost-covered statue resists.
The frost-covered statue is heavily damaged.
The frost-covered statue gestures at you.
The puff of frost misses you.
Aiming: Shock (safe; 3% risk of failure)
Press: ? - help, Q - select action, (/) - cycle Shift-Dir - straight line, f/p - frost-covered statue
Aim: a frost-covered statue (heavily damaged, 100% to hit)
The zap hits the frost-covered statue.
The frost-covered statue resists.
The frost-covered statue is severely damaged.
The zap hits the frost-covered statue.
The frost-covered statue completely resists.
The frost-covered statue is severely damaged.
Aiming: Shock (safe; 3% risk of failure)
Press: ? - help, Q - select action, (/) - cycle Shift-Dir - straight line, f/p - frost-covered statue
Aim: a frost-covered statue (severely damaged, 100% to hit)
The zap hits the frost-covered statue.
The frost-covered statue resists.
The frost-covered statue is almost destroyed.
The zap hits the frost-covered statue.
The frost-covered statue resists.
You destroy the frost-covered statue!
Vehumet accepts your kill.
You have reached level 7!
Your scales start taking on a dull iron-grey colour.
You learn Air Magic much slower.
Your Air Magic skill decreases to level 3!
You learn Earth Magic much quicker.
Unknown command.
Press < or > to pray at altars.
Unknown command.
Press < or > to pray at altars.
Unknown command.
Press < or > to pray at altars.
Saving game... please wait.
Welcome back, GreatBamboolord the Grey Draconian Air Elementalist.
Vehumet says: Let it end in hellfire!
Press ? for a list of commands and other information.
Okay, then.
Are you sure you want to abandon this character and quit the game? (Confirm with "yes".)

#.#######.#.#
##...<#....#.#
#..##.#..#.#.###
#####.###.#..#......
###.....###......#.###
#.............#.......
#)#########[.).....###
#)#.......#..).##.....
#....@_...#.......####
#.#.......#...#..##
#.#########.......####
#.. ....###...... ##.
###.###.##### #
..........#
........#.#
###.#####.# # #.#


There were no monsters in sight!

Vanquished Creatures
  Grinder (D:2)
  Sigmund (D:2)
  A statue (D:3)
  Robin (D:2)
  7 gnolls
  A ribbon worm (D:3)
  A dart slug (D:1)
  An orc (D:2)
  6 endoplasms
  3 giant cockroaches
  20 goblins
  8 hobgoblins
  4 ball pythons
  3 bats (D:1)
  A frilled lizard (D:1)
  4 kobolds
  5 rats
68 creatures vanquished.

Notes
Turn   | Place    | Note
-------+----------+-------------------------------------------
     0 | D:1      | GreatBamboolord the Draconian Air Elementalist began the
                  | quest for the Orb.
     0 | D:1      | Reached XP level 1. HP: 14/14 MP: 3/3
   298 | D:1      | Reached XP level 2. HP: 22/22 MP: 1/5
  1370 | D:2      | Reached XP level 3. HP: 27/27 MP: 0/6
  1372 | D:2      | Identified the +3 leather armour "Xoasm" {Int+3}
  1586 | D:2      | Found a faded altar of an unknown god.
  1745 | D:2      | Identified the +5 dagger of Doom {heavy, rC+}
  1793 | D:2      | Noticed Robin
  1812 | D:2      | Reached skill level 1 in Fighting
  1838 | D:2      | Killed Robin
  1928 | D:2      | Noticed Sigmund
  2046 | D:1      | Learned a level 2 spell: Static Discharge
  2124 | D:2      | Reached XP level 4. HP: 35/35 MP: 1/8
  2232 | D:2      | Killed Sigmund
  2233 | D:2      | Reached XP level 5. HP: 34/41 MP: 1/9
  2489 | D:3      | Noticed Grinder
  2504 | D:2      | Paralysed by Grinder for 5 turns
  2507 | D:2      | HP: 2/41 [Grinder (1)]
  2526 | D:2      | Paralysed by Grinder for 2 turns
  2528 | D:2      | Killed Grinder
  2529 | D:2      | Reached XP level 6. HP: 18/50 MP: 1/11
  3092 | D:3      | Found a radiant altar of Vehumet.
  3134 | D:3      | Became a worshipper of Vehumet
  3139 | D:3      | Your scales start taking on a dull iron-grey colour.
  3139 | D:3      | Reached XP level 7. HP: 56/56 MP: 7/12
  3142 | D:3      | Quit the game

Illustrated notes

Levels and vault maps discovered:
D:1:      roderic_chinese_lattice_arrival, layout_basic, serial_bayou_pond_c
D:2:      layout_rooms, shapermc_ecumenical_altar_flowoftime,
          kennysheep_generic_room_14, uniq_robin, uniq_sigmund
D:3:      layout_loops_ring, makhleb_altar_promises_db, vehumet_statue,
          lemuel_tele_altar, uniq_grinder, uniq_natasha

Skill      XL: |  1  2  3  4  5  6 |
---------------+-------------------+-----
Stealth        | 2 3 |  3.1
Dodging        | 2 |  2.9
Fighting       | 1 2 |  2.5
Spellcasting   | 3 |  3.8
Conjurations   | 2 |  2.5
Air Magic      | 4 3 |  3.9

Action                     |  1- 3 |  4- 6 |  7- 9 || total
---------------------------+-------+-------+-------++-------
  Melee: Unarmed           |     8 |       |       ||     8
         Tailslap          |     7 |     5 |       ||    12
         Dagger            |    29 |    20 |       ||    49
   Cast: Shock             |    92 |    59 |       ||   151
    Use: Scroll            |     2 |     2 |       ||     4
         Potion            |     1 |     1 |       ||     2
 Armour: Skin              |    60 |    34 |       ||    94
  Dodge: Dodged            |    54 |    34 |       ||    88
